 Dungeon Crawl Stone Soup version 0.22.1-1-ga44c0e56f4 (webtiles) character file.

16095 Mjsee792 the Peltast (level 12, -5/109 HPs)
             Began as a Minotaur Fighter on Oct 16, 2018.
             Was a High Priest of Okawaru.
             Impaled on a porcupine's spines (16 damage)
             ... on level 2 of the Lair of Beasts.
             The game lasted 00:31:50 (13975 turns).

Mjsee792 the Peltast (Minotaur Fighter)            Turns: 13975, Time: 00:31:51

Health: -5/109     AC: 15    Str: 22    XL:     12   Next: 7%
Magic:  11/11      EV:  8    Int:  5    God:    Okawaru [*****.]
Gold:   626        SH: 32    Dex: 14    Spells: 11/11 levels left

rFire    + + .     SeeInvis .   a - +0 trident
rCold    . . .     Gourm    .   G - +0 large shield
rNeg     + . .     Faith    .   C - +0 fire dragon scales
rPois    .         Spirit   .   (helmet unavailable)
rElec    .         Reflect  +   F - scarf {cloud immunity}
rCorr    .         Harm     .   n - +0 pair of gloves
MR       +....                  p - +0 pair of boots
Stlth    ..........             x - +6 amulet of reflection
HPRegen  0.28/turn              i - ring of protection from cold
MPRegen  0.12/turn              w - ring of positive energy

@: lethally poisoned (-5 -> -6)
A: retaliatory headbutt, horns 3, large bone plates 1, rugged brown scales 1,
magic resistance 1
a: Heroism, Finesse, Renounce Religion


You were on level 2 of the Lair of Beasts.
You worshipped Okawaru.
Okawaru was extremely pleased with you.
You were not hungry.

You visited 2 branches of the dungeon, and saw 14 of its levels.
You also visited: Sewer and Ossuary.

You collected 775 gold pieces.
You spent 149 gold pieces at shops.

Inventory:

Hand Weapons
 a - a +0 trident (weapon)
 v - a +0 mace of protection
Armour
 n - a +0 pair of gloves (worn)
 p - a +0 pair of boots (worn)
 C - +0 fire dragon scales (worn)
 F - a scarf of cloud immunity (worn)
 G - a +0 large shield (worn)
Jewellery
 i - a ring of protection from cold (left hand)
 w - a ring of positive energy (right hand)
 x - a +6 amulet of reflection (around neck)
 M - an uncursed amulet of the gourmand {unknown}
Wands
 c - a wand of polymorph (17)
 t - a wand of enslavement (20)
 B - a wand of paralysis (19)
 E - a wand of iceblast (15)
 K - a wand of acid (8)
Scrolls
 b - a scroll of immolation
 g - 10 scrolls of identify
 h - 11 scrolls of teleportation
 l - a scroll of enchant armour {unknown}
 m - 14 scrolls of remove curse
 o - 2 scrolls of magic mapping
 u - a scroll of blinking
 y - 2 scrolls of fear
 z - a scroll of amnesia {unknown}
 H - a scroll of fog {unknown}
 J - a scroll of torment {unknown}
 L - a scroll of noise {unknown}
 N - a scroll of holy word {unknown}
 O - a scroll of enchant weapon {unknown}
Potions
 d - 3 potions of might
 e - 2 potions of brilliance
 j - 3 potions of lignification
 k - 4 potions of heal wounds
 q - 2 potions of ambrosia
 r - 2 potions of cancellation
 s - a potion of resistance
 A - 6 potions of curing
 D - 3 potions of agility
 I - 2 potions of mutation
Comestibles
 f - 23 rations


   Skills:
 + Level 9.7 Fighting
 - Level 2.4 Polearms
 + Level 10.3 Armour
 * Level 18.3 Shields


You had 11 spell levels left.
You didn't know any spells.
Your spell library contained the following spells:

 Spells                   Type           Power        Failure   Level  Hunger
 Confusing Touch          Hex            #.....       97%         1    ##.....
 Confuse                  Hex            #.......     100%        3    ####...
 Gell's Gravitas          Tloc           #.........   100%        3    ####...
 Petrify                  Tmut/Erth      #.......     100%        4    #####..
 Metabolic Englaciation   Hex/Ice        #.........   100%        5    ######.
 Yara's Violent Unravell  Hex/Tmut       #.........   100%        5    ######.


Dungeon Overview and Level Annotations

Branches:
Dungeon (12/15)            Temple (0/1) D:6            Lair (2/6) D:9
  Swamp: Lair:2-4    Shoals: Lair:2-4     Snake: Lair:2-4    Spider: Lair:2-4
    Orc: D:9-12

Altars:
Cheibriados
Dithmenos
Nemelex Xobeh
Okawaru
Qazlal
Ru
Sif Muna
Trog
Vehumet
Xom
Yredelemnul
Zin

Shops:
D:3 *   D:6 !*![   D:9 %

Annotations:
Lair:1 1 runed door, jt's ghost, journeyman TrEE


Innate Abilities, Weirdness & Mutations

You reflexively headbutt those who attack you in melee.
You have a pair of large horns on your head.
You are partially covered in large bone plates. (SH +4)
You are partially covered in rugged brown scales. (AC +1, +3% HP)
You are resistant to hostile enchantments. (MR+)


Message History

You closely miss the spiny frog. You headbutt the spiny frog!
You kill the spiny frog!
Okawaru accepts your kill.
You feel sick.
You puncture the blink frog!
The blink frog is lightly wounded.
You feel sick. You block the blink frog's attack.
A porcupine comes into view.
You block the blink frog's attack.
You miss the blink frog. Your headbutt misses the blink frog.
The blink frog is lightly wounded.
The blink frog blinks!
You feel sick.
You feel sick.
The porcupine twitches its whiskers.
The blink frog blinks!
You feel sick.
You feel sick.
You are struck by the porcupine's spines.
You die...

....## ##...##|..
...... #...##....
......###........
.................
.......#.........
.....#..........
.... #.........≈
... #......#..≈
.# ##.@..##.P..
##..r..# ....
##...#### ..
#P..## # ##....#
.. ###...###
...#....##
........#
........##


You could see a porcupine.

Vanquished Creatures
  Gastronok (Lair:1)
  A hydra (Lair:2)
  The ghost of SaintSock the Geomancer, a journeyman GrEE of Cheibriados (D:10)
  A two-headed ogre (D:10)
  A manticore (D:11)
  Joseph (D:7)
  Psyche (D:8)
  5 spiny frogs
  A komodo dragon (Lair:1)
  3 trolls
  A hornet (D:11)
  4 hippogriffs
  A wyvern (D:11)
  16 yaks
  Sigmund (D:2)
  2 vampire mosquitoes (D:12)
  6 orc warriors
  2 ice beasts
  2 sky beasts
  7 ogres
  A phantom (D:7)
  3 centaurs
  A crocodile (Sewer)
  A big kobold (D:11)
  5 bullfrogs
  An elf zombie (Ossuary)
  3 scorpions
  3 killer bees (D:7)
  8 wights
  A howler monkey (D:11)
  2 centaur zombies
  An electric eel (Lair:1)
  3 crimson imps
  A quasit (D:7)
  6 orc priests
  Crazy Yiuf (D:6)
  5 hounds
  4 jellies
  A human zombie (Ossuary)
  A centaur skeleton (D:9)
  A bullfrog skeleton (D:10)
  Jessica (D:2)
  17 worker ants
  2 iguanas
  13 orc wizards
  A killer bee zombie (D:5)
  4 mummies (Ossuary)
  Robin (D:2)
  11 adders
  4 gnolls (D:7)
  A shadow imp (D:5)
  2 oozes
  3 adder zombies
  4 worms
  5 leopard geckos
  48 orcs
  2 ball pythons
  6 giant cockroaches
  12 goblins
  8 hobgoblins
  9 jackals
  6 quokkas
  12 bats
  3 frilled lizards
  2 giant cockroach zombies
  A goblin zombie (Ossuary)
  4 jackal zombies (Ossuary)
  16 kobolds
  3 leopard gecko skeletons (D:4)
  2 orc zombies (Ossuary)
  5 rats
  2 rat zombies (Ossuary)
  A spectral orc (D:5)
322 creatures vanquished.

Vanquished Creatures (others)
  A centaur (D:7)
  An orc wizard (D:10)
  2 fungi
  A plant (Lair:1)
5 creatures vanquished.

Grand Total: 327 creatures vanquished

Notes
Turn   | Place    | Note
-------+----------+-------------------------------------------
     0 | D:1      | Mjsee792 the Minotaur Fighter began the quest for the Orb.
     0 | D:1      | Reached XP level 1. HP: 19/19 MP: 0/0
   200 | D:1      | Reached XP level 2. HP: 26/27 MP: 1/1
   246 | D:1      | Reached skill level 4 in Shields
   682 | D:2      | Reached XP level 3. HP: 16/33 MP: 2/2
  1056 | D:2      | Noticed Robin
  1073 | D:2      | Reached XP level 4. HP: 8/40 MP: 3/3
  1078 | D:2      | HP: 2/40 [goblin[Robin] (5)]
  1098 | D:2      | HP: 2/41 [Robin/spear (2)]
  1403 | D:2      | Killed Robin
  1633 | D:2      | Found a deep blue altar of Sif Muna.
  1662 | D:2      | Noticed Sigmund
  1677 | D:2      | Killed Sigmund
  1677 | D:2      | Reached skill level 5 in Armour
  1677 | D:2      | Reached skill level 5 in Shields
  1677 | D:2      | Reached XP level 5. HP: 37/47 MP: 4/4
  1693 | D:2      | Noticed Jessica
  1697 | D:2      | Killed Jessica
  1697 | D:2      | Reached skill level 6 in Shields
  2066 | D:3      | Found Zin's Purification Station.
  2069 | D:3      | Found a glowing silver altar of Zin.
  2076 | D:3      | Reached XP level 6. HP: 51/55 MP: 5/5
  2410 | D:4      | Reached skill level 5 in Fighting
  2847 | D:4      | Found a shimmering altar of Xom.
  2847 | D:4      | Found a shimmering altar of Xom.
  2867 | D:4      | Reached skill level 7 in Shields
  2867 | D:4      | Reached XP level 7. HP: 56/61 MP: 6/6
  2909 | D:4      | Found a shimmering altar of Xom.
  2910 | D:4      | Found a shimmering altar of Xom.
  2910 | D:4      | Found a shimmering altar of Xom.
  2950 | D:4      | Found a shimmering altar of Xom.
  3030 | D:4      | Found a shadowy altar of Dithmenos.
  3109 | D:4      | Found a radiant altar of Vehumet.
  3408 | D:5      | Entered Level 5 of the Dungeon
  3416 | D:5      | Found a bloodstained altar of Trog.
  3569 | D:5      | Reached skill level 8 in Shields
  3582 | D:5      | Found a sparkling altar of Nemelex Xobeh.
  3637 | D:5      | Found an iron altar of Okawaru.
  3770 | D:5      | Found a sand-covered staircase.
  3788 | Ossuary  | Entered an ossuary
  3826 | Ossuary  | Reached XP level 8. HP: 26/70 MP: 7/7
  4433 | D:5      | Found a basalt altar of Yredelemnul.
  4588 | D:6      | Found Ziskex's Armour Emporium.
  4615 | D:6      | Found Vourag's Distillery.
  4668 | D:6      | Found Qoghaet's Distillery.
  4779 | D:6      | Found a glowing drain.
  4787 | Sewer    | Entered a sewer
  4977 | D:6      | Found Keblaid's Assorted Antiques.
  5003 | D:6      | Reached skill level 9 in Shields
  5156 | D:6      | Found a runed door.
  5243 | D:5      | Became a worshipper of Warmaster Okawaru
  5310 | D:6      | Noticed a hippogriff
  5326 | D:6      | Killed a hippogriff
  5582 | D:6      | Bought a scarf of cloud immunity for 91 gold pieces
  5582 | D:6      | Bought a +0 large shield for 58 gold pieces
  5616 | D:6      | Gained mutation: Armour fits poorly on your strangely
                  | shaped body. [potion of mutation]
  5616 | D:6      | Gained mutation: Scrolls take you a little longer to read.
                  | [potion of mutation]
  5616 | D:6      | Gained mutation: You are agile. (Dex +2) [potion of
                  | mutation]
  5617 | D:6      | Lost mutation: Armour fits poorly on your strangely shaped
                  | body. [potion of mutation]
  5617 | D:6      | Lost mutation: Scrolls take you a little longer to read.
                  | [potion of mutation]
  5617 | D:6      | Lost mutation: You are agile. (Dex +2) [potion of mutation]
  5617 | D:6      | Gained mutation: Your flesh is cold resistant. (rC+)
                  | [potion of mutation]
  5617 | D:6      | Gained mutation: Your flesh is very cold resistant. (rC++)
                  | [potion of mutation]
  5758 | D:6      | Found a staircase to the Ecumenical Temple.
  5845 | D:6      | Noticed Crazy Yiuf
  5856 | D:6      | Killed Crazy Yiuf
  5938 | D:7      | Reached skill level 10 in Shields
  6006 | D:7      | Reached XP level 9. HP: 61/79 MP: 8/8
  6332 | D:7      | Reached * piety under Okawaru
  6335 | D:7      | Reached skill level 11 in Shields
  6515 | D:7      | Found a stormy altar of Qazlal.
  6515 | D:7      | Found a sparkling altar of Nemelex Xobeh.
  6521 | D:7      | Found a sacrificial altar of Ru.
  6523 | D:7      | Found a faded altar of an unknown god.
  6525 | D:7      | Found a faded altar of an unknown god.
  6603 | D:7      | Reached ** piety under Okawaru
  6638 | D:7      | Reached skill level 12 in Shields
  7244 | D:7      | Noticed Joseph
  7253 | D:7      | Killed Joseph
  7364 | D:8      | Found a snail-covered altar of Cheibriados.
  7402 | D:8      | Reached skill level 13 in Shields
  7418 | D:8      | Noticed a troll
  7429 | D:8      | Killed a troll
  7616 | D:8      | Reached XP level 10. HP: 86/88 MP: 9/9
  7847 | D:8      | Noticed Psyche
  7874 | D:8      | Killed Psyche
  8229 | D:9      | Found Allingaps's Food Boutique.
  8494 | D:9      | Reached *** piety under Okawaru
  8547 | D:9      | Reached skill level 14 in Shields
  9073 | D:9      | Found a staircase to the Lair.
  9342 | D:10     | Entered Level 10 of the Dungeon
  9356 | D:10     | Reached **** piety under Okawaru
  9356 | D:10     | Reached skill level 15 in Shields
  9953 | D:10     | Noticed a two-headed ogre
  9968 | D:10     | Killed a two-headed ogre
  9968 | D:10     | Reached ***** piety under Okawaru
  9968 | D:10     | Reached XP level 11. HP: 23/95 MP: 10/10
 10583 | D:10     | Found a runed door.
 10590 | D:10     | Noticed SaintSock's ghost (journeyman GrEE)
 10610 | D:10     | Killed SaintSock's ghost
 10610 | D:10     | Reached skill level 16 in Shields
 10961 | D:11     | Lost mutation: Your flesh is very cold resistant. (rC++)
                  | [potion of mutation]
 10961 | D:11     | Lost mutation: Your flesh is cold resistant. (rC+) [potion
                  | of mutation]
 10961 | D:11     | Gained mutation: Your body sometimes deteriorates upon
                  | taking damage. [potion of mutation]
 10961 | D:11     | Gained mutation: You expend magic power (3 MP) to
                  | strengthen your wands. [potion of mutation]
 10962 | D:11     | Lost mutation: Your body sometimes deteriorates upon taking
                  | damage. [potion of mutation]
 10962 | D:11     | Lost mutation: You expend magic power (3 MP) to strengthen
                  | your wands. [potion of mutation]
 10962 | D:11     | Gained mutation: You are resistant to hostile enchantments.
                  | (MR+) [potion of mutation]
 10962 | D:11     | Gained mutation: You have a pair of large horns on your
                  | head. [potion of mutation]
 10962 | D:11     | Gained mutation: You are partially covered in rugged brown
                  | scales. (AC +1, +3% HP) [potion of mutation]
 10962 | D:11     | Gained mutation: You are partially covered in large bone
                  | plates. (SH +4) [potion of mutation]
 11876 | D:11     | Found a bloodstained altar of Trog.
 12452 | Lair:1   | Entered Level 1 of the Lair of Beasts
 12486 | Lair:1   | Noticed Gastronok
 12510 | Lair:1   | Killed Gastronok
 12510 | Lair:1   | Received a gift from Okawaru
 12510 | Lair:1   | Reached skill level 10 in Armour
 12510 | Lair:1   | Reached skill level 17 in Shields
 13508 | Lair:1   | Reached skill level 18 in Shields
 13752 | Lair:1   | Found a runed door.
 13753 | Lair:1   | Noticed jt's ghost (journeyman TrEE)
 13931 | Lair:2   | Noticed a six-headed hydra
 13943 | Lair:2   | Killed a six-headed hydra
 13943 | Lair:2   | Reached XP level 12. HP: 25/109 MP: 8/11
 13975 | Lair:2   | Impaled on a porcupine's spines

Skill      XL: |  1  2  3  4  5  6  7  8  9 10 11 |
---------------+----------------------------------+-----
Shields        | 4 5 6 7 8 10 13 15 18 | 18.3
Armour         | 4 5 6 7 8 9 10 | 10.3
Fighting       | 4 5 6 7 8 9 |  9.7
Polearms       | |  2.4

Action                   |  1- 3 |  4- 6 |  7- 9 | 10-12 || total
-------------------------+-------+-------+-------+-------++-------
Melee: Trident           |   114 |   159 |   529 |   766 ||  1568
       Headbutt          |    14 |    20 |    89 |   158 ||   281
Invok: Heroism           |       |       |       |     3 ||     3
Evoke: Wand              |       |       |       |     2 ||     2
  Use: Scroll            |       |       |     5 |     8 ||    13
       Potion            |       |       |     2 |     5 ||     7
  Eat: Chunk             |       |     6 |    10 |    16 ||    32
       Ration            |       |       |     2 |     2 ||     4
Armor: Scale mail        |    62 |    49 |   136 |       ||   247
       Fire dragon scale |       |       |    58 |   161 ||   219
Dodge: Dodged            |    42 |    44 |   133 |   102 ||   321
Block: Shield            |    61 |    77 |   208 |       ||   346
       Large shield      |       |       |   264 |   943 ||  1207
       Reflection        |       |       |    15 |    15 ||    30
